 Dungeon Sprint DCSS version 0.22-a0-601-gb0ed703 (webtiles) character file.

417 royokou the Severer (level 6, -23/56 HPs)
             Began as a Minotaur Berserker on July 6, 2018.
             Was a Believer of Trog.
             Annihilated by Sonja
             ... wielding a +2 dagger of distortion
              (24 damage)
             ... in the Dungeon (Sprint I: "Red Sonja").
             The game lasted 00:02:07 (456 turns).

royokou the Severer (Minotaur Berserker)             Turns: 456, Time: 00:02:07

Health: -23/56     AC:  3    Str: 22    XL:     6   Next: 61%
Magic:  5/5        EV: 13    Int:  5    God:    Trog [**....]
Gold:   297        SH:  0    Dex: 10    Spells: 5/5 levels left

rFire    . . .     SeeInvis .   a - +0 hand axe
rCold    + . .     Gourm    .   (no shield)
rNeg     . . .     Faith    +   k - +0 leather armour {rPois}
rPois    +         Spirit   .   (helmet restricted)
rElec    +         Reflect  .   (no cloak)
rCorr    .         Harm     .   (no gloves)
MR       .....     NoTele   +   (no boots)
Stlth    +.........             m - amulet "Orchucwo" {Faith rElec rC+}
HPRegen  0.18/turn              (no ring)
MPRegen  0.09/turn              (no ring)

@: berserk cooldown, slowed, very slow
A: retaliatory headbutt, horns 2
a: Berserk, Trog's Hand, Renounce Religion


You were in the Dungeon.
You worshipped Trog.
Trog was pleased with you.
You were not hungry.

You visited 1 branch You collected 297 gold pieces.

Inventory:

Hand Weapons
 a - a +0 hand axe (weapon)
Armour
 b - a +0 animal skin
 k - a +0 leather armour of poison resistance (worn)
Jewellery
 m - the amulet "Orchucwo" (around neck) {Faith rElec rC+}
   (You found it in the Dungeon)

   [amulet of faith]

   It allows you to gain divine favour quickly.
   It protects you from cold.
   It insulates you from electricity.
Wands
 j - a wand of digging (9)
Scrolls
 i - a scroll of blinking
Potions
 d - a potion of curing
 e - a potion of heal wounds
 f - a potion of haste
 g - 2 potions of magic
 h - a potion of berserk rage
Comestibles
 c - a ration


   Skills:
 - Level 5.0 Fighting
 + Level 15.3 Axes
 - Level 4.1 Armour
 - Level 3.7 Dodging


You had 5 spell levels left.
You didn't know any spells.
Your spell library was empty.

Dungeon Overview and Level Annotations

Branches:
Dungeon (1/1)

Altars:
Cheibriados
Dithmenos
Elyvilon
Fedhas
Gozag
Hepliaklqana
Kikubaaqudgha
Okawaru
Qazlal
Ru
Sif Muna
Trog
Uskayaw
Vehumet
Wu Jian
Yredelemnul
Zin
The Shining One

Shops:
D [

Annotations:
D Sonja


Innate Abilities, Weirdness & Mutations

You reflexively headbutt those who attack you in melee.
You have a pair of horns on your head.


Message History

As you close the door, it creaks loudly!
You start resting.
Eating a chunk of flesh.
You eat the chunk of flesh.
This raw flesh tastes terrible.
Sonja, the Graceful Assassin opens the door.
She is wielding a dagger of distortion.
You close the door.
Sonja opens the door.
You completely miss Sonja. Your headbutt misses Sonja.
Sonja is lightly wounded.
Sonja mumbles some strange words.
Sonja blinks!
Sonja says, "I'm academy-trained, you know."
You close the door.
Sonja opens the door.
As you close the door, it creaks loudly!
Sonja opens the door.
Sonja hits you with an uncursed dagger of distortion.
Space warps horribly around you!
* * * LOW HITPOINT WARNING * * *
Sonja hits you with an uncursed dagger of distortion.
* * * LOW HITPOINT WARNING * * *
Space warps horribly around you!
You die...

################
#<.#..)..#..'..#
#..').#..').#..+
#..#####'#####'# #..#
#..#...#(#
#..#__####.@##(#
#..#_____##K#_.+≈≈≈§
#⌠⌠#_.∩K..'..._#§§§.c
####_..__##_(#'##+##
#____ ##(#.# ####
##.### +$.$+ #$.$#
##.##


You could see Sonja.

Vanquished Creatures
  Sigmund (D)
  A yak (D)
  An ogre (D)
  A jelly (D)
  Ijyb (D)
5 creatures vanquished.

Vanquished Creatures (others)
  A gargoyle (D)
1 creature vanquished.

Grand Total: 6 creatures vanquished

Notes
Turn   | Place    | Note
-------+----------+-------------------------------------------
     0 | D        | royokou the Minotaur Berserker began the quest for the Orb.
     0 | D        | Reached XP level 1. HP: 19/19 MP: 0/0
     1 | D        | Noticed Ijyb
     9 | D        | Killed Ijyb
     9 | D        | Reached skill level 5 in Fighting
     9 | D        | Reached skill level 5 in Axes
     9 | D        | Reached XP level 2. HP: 25/29 MP: 1/1
    19 | D        | Killed a gargoyle
    24 | D        | Noticed an ogre
    29 | D        | Killed an ogre
    29 | D        | Reached skill level 9 in Axes
    29 | D        | Reached XP level 3. HP: 7/36 MP: 2/2
    29 | D        | Reached XP level 4. HP: 9/42 MP: 3/3
   282 | D        | Noticed Sigmund
   297 | D        | Killed Sigmund
   297 | D        | Reached ** piety under Trog
   297 | D        | Reached skill level 13 in Axes
   297 | D        | Reached XP level 5. HP: 32/48 MP: 4/4
   393 | D        | Found a deep blue altar of Sif Muna.
   394 | D        | Found an ornate altar of the Wu Jian Council.
   395 | D        | Found a radiant altar of Vehumet.
   398 | D        | Reached XP level 6. HP: 53/56 MP: 5/5
   400 | D        | Noticed a centaur warrior
   406 | D        | Got a translucent ruby amulet
   407 | D        | Identified the amulet "Orchucwo" {Faith rElec rC+} (You found it in the Dungeon)
   426 | D        | Found Ilout's Armour Emporium.
   426 | D        | Found an ancient bone altar of Kikubaaqudgha.
   426 | D        | Found a hazy altar of Hepliaklqana.
   426 | D        | Found a stormy altar of Qazlal.
   426 | D        | Found a hide-covered altar of Uskayaw.
   426 | D        | Found a blossoming altar of Fedhas.
   426 | D        | Found a bloodstained altar of Trog.
   426 | D        | Found an iron altar of Okawaru.
   426 | D        | Found a basalt altar of Yredelemnul.
   426 | D        | Found a glowing golden altar of the Shining One.
   426 | D        | Found a snail-covered altar of Cheibriados.
   426 | D        | Found a sacrificial altar of Ru.
   426 | D        | Found a glowing silver altar of Zin.
   426 | D        | Found a shadowy altar of Dithmenos.
   426 | D        | Found a white marble altar of Elyvilon.
   426 | D        | Noticed a yak
   430 | D        | Killed a yak
   430 | D        | Reached skill level 15 in Axes
   431 | D        | Found an opulent altar of Gozag.
   434 | D        | Noticed Sonja
   456 | D        | HP: 1/56 [Sonja/uncursed dagger of distortion (5)]
   456 | D        | Annihilated by Sonja

Vault maps used:
D:        dungeon_sprint_1

Skill      XL: |  1  2  3  4  5  6 |
---------------+-------------------+-----
Fighting       | 5 |  5.0
Axes           | 5 9 13 15 | 15.3
Armour         | 4 |  4.1
Dodging        | 3 |  3.7

Action                   |  1- 3 |  4- 6 || total
-------------------------+-------+-------++-------
Melee: Hand axe          |    11 |    17 ||    28
       Headbutt          |     1 |     6 ||     7
Invok: Berserk           |     1 |     2 ||     3
  Eat: Chunk             |       |     1 ||     1
Armor: Animal skin       |     2 |       ||     2
       Leather armour    |       |     2 ||     2
Dodge: Dodged            |     3 |     3 ||     6

Table legend:
 A = Spawn XP
 B = Non-spawn XP
 C = Spawn XP percentage of total XP
 D = Spawn monster count
 E = Non-spawn monster count
 F = Spawn count percentage of total count
 G = Total turns spent on level
                    A         B        C        D         E        F      G
               +---------+---------+-------+---------+---------+-------+---------
         Total |       0 |     596 |   0.0 |       0 |       5 |   0.0 |   456
               +---------+---------+-------+---------+---------+-------+---------
             D |       0 |     596 |   0.0 |       0 |       5 |   0.0 |   456
               +---------+---------+-------+---------+---------+-------+---------
